 Dungeon Crawl Stone Soup version 0.31-a0-986-g5e6e4ef867 (webtiles) character file.

Game seed: 1044428023109840045

1796 FakeRyeBread the Cudgeller (level 9, -5/56 HPs)
             Began as a Gargoyle Fighter on Nov 5, 2023.
             Was a Follower of Okawaru.
             Killed from afar by an orc wizard (11 damage)
             ... with a puff of flame
             ... on level 6 of the Dungeon.
             The game lasted 00:18:35 (5867 turns).

FakeRyeBread the Cudgeller (Gargoyle Fighter)       Turns: 5867, Time: 00:18:35

Health: -5/56      AC: 24    Str: 25    XL:     9   Next: 9%
Magic:  0/10       EV:  8    Int: 14    God:    Okawaru [*.....]
Gold:   158        SH:  5    Dex:  9    Spells: 8/8 levels left

rFire   . . .        a - +1 flail
rCold   . . .        c - +0 buckler
rNeg    + . .        p - +0 chain mail
rPois   ∞            e - +0 helmet
rElec   +            i - +1 cloak
rCorr   .            (no gloves)
SInv    .            (no boots)
Will    .....        o - amulet of guardian spirit Stlth
                     h - +4 ring of protection
HPRegen 0.29/turn    m - +6 ring of intelligence
MPRegen 0.12/turn

%: guardian spirit
@: no status effects
A: sickness immunity, AC +6, negative energy resistance 1, electricity
resistance, torment resistance 1, petrification resistance
a: Renounce Religion, Heroism


You were on level 6 of the Dungeon.
You worshipped Okawaru.
Okawaru was aware of your devotion.
You visited 1 branch of the dungeon, and saw 7 of its levels.

You collected 444 gold pieces.
You spent 286 gold pieces at shops.

Inventory:

Hand Weapons
 a - a +1 flail (weapon)
 k - a +2 whip of venom
Missiles
 q - 7 boomerangs
 t - 6 javelins
Armour
 c - a +0 buckler (worn)
 e - a +0 helmet (worn)
 i - a +1 cloak (worn)
 p - a +0 chain mail (worn)
Jewellery
 h - a +4 ring of protection (left hand)
 m - a +6 ring of intelligence (right hand)
 o - an amulet of guardian spirit (around neck)
Scrolls
 n - a scroll of amnesia
 r - a scroll of fear
 s - 2 scrolls of vulnerability
Potions
 b - a potion of haste
 d - a potion of might
 f - 3 potions of berserk rage {unknown}
 g - 4 potions of curing
 j - 2 potions of heal wounds
 l - 2 potions of lignification {unknown}
 u - a potion of brilliance {unknown}


   Skills:
 + Level 6.4 Fighting
 * Level 7.3 Maces & Flails
 + Level 6.4 Armour
 + Level 6.4 Shields
 + Level 1.6 Invocations


You had 8 spell levels left.
You didn't know any spells.
Your spell library contained the following spells:

 Spells                   Type           Power      Damage    Failure   Level
 Kiss of Death            Conj/Necr      0%         2d5       85%         1
 Confusing Touch          Hex            0%         N/A       99%         3
 Dispel Undead            Necr           0%         3d6       100%        4


Dungeon Overview and Level Annotations

Branches:
Dungeon (7/15)             Temple (0/1) D:6

Altars:
Elyvilon
Fedhas
Okawaru
Uskayaw
Wu Jian
Zin
The Shining One

Shops:
D:1 !   D:4 (   D:7 !


Innate Abilities, Weirdness & Mutations

You are immune to sickness and miasma.
Your stone body is resilient. (AC +6)
You are immune to poison.
You resist negative energy. (rN+)
You are resistant to electric shocks. (rElec)
You are resistant to unholy torment.
You are immune to petrification.


Message History

The wight freezes you.
* * * LOW HITPOINT WARNING * * *
The orc wizard gestures at you while chanting.
You are confused.
You feel better.
The wight hits you with a +5 long sword of freezing.
* * * LOW HITPOINT WARNING * * *
The wight freezes you.
* * * LOW HITPOINT WARNING * * *
The orc wizard barely misses you.
You feel better.
The wight hits you with a +5 long sword of freezing.
The wight freezes you.
* * * LOW HITPOINT WARNING * * *
The orc wizard hits you but does no damage.
You hit the wight but do no damage.
The wight is heavily damaged.
The wight hits you with a +5 long sword of freezing.
* * * LOW HITPOINT WARNING * * *
The wight freezes you.
* * * LOW HITPOINT WARNING * * *
The orc wizard hits you but does no damage.
You closely miss the wight.
The wight is heavily damaged.
The wight hits you with a +5 long sword of freezing.
* * * LOW HITPOINT WARNING * * *
The wight freezes you.
* * * LOW HITPOINT WARNING * * *
The orc wizard mumbles some strange words.
The orc wizard flickers and vanishes!
Deactivating autopickup; reactivate with Ctrl-A.
You feel better.
The wight hits you with a +5 long sword of freezing.
* * * LOW HITPOINT WARNING * * *
The wight freezes you.
* * * LOW HITPOINT WARNING * * *
You hear some strange, mumbled words.
A puff of flame appears from out of thin air!
The puff of flame hits you!
You die...

..##..............#
...##..##.........#
8_.8##.##.........#
...##..##.........#
..##...##.........#
.##..#.##.........#####
##..##..#.............#
#..####.##......z#<...#
...# #..÷.....{@.....#
...###############....#
........(.............#
...###############....#
#### #....# # #....#
#....# #....# ######


You could see a wight.

Vanquished Creatures
  Sigmund (D:2)
  A steam dragon (D:6)
  2 water moccasins
  2 ogres (D:5)
  A centaur (D:6)
  A phantom (D:4)
  2 bullfrogs
  A scorpion (D:6)
  2 wights (D:7)
  A howler monkey (D:6)
  A jelly (D:4)
  4 orc priests
  3 hounds
  Terence (D:3)
  2 iguanas
  4 orc wizards
  Robin (D:2)
  6 adders
  A gnoll (D:2)
  2 ufetubi (D:5)
  3 worms
  2 dart slugs (D:3)
  33 orcs
  6 bats
  9 endoplasms
  6 giant cockroaches
  10 goblins
  11 hobgoblins
  5 jackals (D:4)
  7 kobolds
  A quokka (D:2)
  2 ball pythons (D:1)
  2 frilled lizards
  9 rats
145 creatures vanquished.

Notes
Turn   | Place    | Note
-------+----------+-------------------------------------------
     0 | D:1      | FakeRyeBread the Gargoyle Fighter began the quest for the
                  | Orb.
     0 | D:1      | Reached XP level 1. HP: 14/14 MP: 1/1
   116 | D:1      | Reached XP level 2. HP: 14/19 MP: 2/2
   183 | D:1      | Found a faded altar of an unknown god.
   466 | D:1      | Reached XP level 3. HP: 23/23 MP: 3/3
   481 | D:1      | Found Loosopt's Distillery.
  1042 | D:2      | Noticed Robin
  1050 | D:2      | Killed Robin
  1051 | D:2      | Reached skill level 3 in Maces & Flails
  1175 | D:2      | Reached XP level 4. HP: 29/29 MP: 4/4
  1510 | D:2      | Noticed Sigmund
  1521 | D:2      | Killed Sigmund
  1522 | D:2      | Reached skill level 4 in Maces & Flails
  1522 | D:2      | Reached XP level 5. HP: 30/34 MP: 5/5
  1522 | D:2      | Reached XP level 6. HP: 35/39 MP: 6/6
  2436 | D:3      | Noticed Terence
  2456 | D:3      | Killed Terence
  3116 | D:4      | Found Bonugoo's Antique Weapon Shoppe.
  3240 | D:4      | Reached XP level 7. HP: 34/44 MP: 7/7
  3291 | D:4      | Reached skill level 5 in Maces & Flails
  3388 | D:4      | Reached skill level 5 in Armour
  3590 | D:4      | Reached skill level 5 in Fighting
  3789 | D:4      | Reached skill level 5 in Shields
  4103 | D:5      | Entered Level 5 of the Dungeon
  4290 | D:5      | Found an iron altar of Okawaru.
  4310 | D:5      | Reached XP level 8. HP: 41/50 MP: 5/8
  4334 | D:5      | Became a worshipper of Warmaster Okawaru
  4472 | D:5      | Reached skill level 6 in Maces & Flails
  4584 | D:5      | Found a blossoming altar of Fedhas.
  4837 | D:1      | Bought a potion of heal wounds for 55 gold pieces
  4837 | D:1      | Bought a potion of haste for 110 gold pieces
  4837 | D:1      | Bought a potion of heal wounds for 55 gold pieces
  4837 | D:1      | Bought 2 potions of curing for 66 gold pieces
  5021 | D:6      | Found an ornate altar of the Wu Jian Council.
  5033 | D:6      | Reached * piety under Okawaru
  5086 | D:6      | Found a glowing silver altar of Zin.
  5086 | D:6      | Found a white marble altar of Elyvilon.
  5088 | D:6      | Found a glowing golden altar of the Shining One.
  5249 | D:6      | Found a staircase to the Ecumenical Temple.
  5400 | D:6      | Reached skill level 7 in Maces & Flails
  5534 | D:6      | Reached skill level 1 in Invocations
  5534 | D:6      | Reached XP level 9. HP: 38/55 MP: 5/9
  5651 | D:7      | Found Demos's Distillery.
  5746 | D:7      | Found a hide-covered altar of Uskayaw.
  5756 | D:7      | Identified the +4 trident "Hydgh" {venom, rF+ Will+ Str-3
                  | Int+4}
  5867 | D:6      | Killed from afar by an orc wizard

Illustrated notes

Levels and vault maps discovered:
D:1:      eino_arrival_cavern_b, layout_basic, serial_corexii_hall,
          chequers_hall_statues_wall_a, chequers_hall_statues_corner_a,
          chequers_hall_statues_wall_a, chequers_hall_statues_y, serial_shops,
          shop, shapermc_ecumenical_altar_gd, minmay_misc_feat_x,
          serial_bayou_crossing
D:2:      layout_basic, kennysheep_generic_room_5, uniq_sigmund, uniq_robin
D:3:      layout_basic, nicolae_kite_square_tiling_tiny, minivault_19,
          uniq_terence
D:4:      layout_loops_ring, serial_shops, shop, cheibrodos_sewer_entry_bend,
          palyth_stone_intersect
D:5:      layout_rooms, mainiacjoe_overflow_catwalk, fedhas_ov_isle_minmay,
          skrybe_limestone_x, minmay_misc_feat_square
D:6:      layout_rooms, dreamdust_divine_triumvirate, nzn_wu_jian_contemplation,
          temple_pool_b, hangedman_abyss_or_decor_stabs
D:7:      layout_rooms, amcnicky_altar_gilded, minitemple, serial_glass,
          glass_columns_a, glass_columns_a, serial_shops, kennysheep_little_box,
          uniq_crazy_yiuf_cottage

Skill      XL: |  1  2  3  4  5  6  7  8 |
---------------+-------------------------+-----
Maces & Flails | 3 4 5 7 |  7.3
Fighting       | 4 5 6 |  6.4
Armour         | 4 5 6 |  6.4
Shields        | 4 5 6 |  6.4
Invocations    | 1 |  1.6

Action                     |  1- 3 |  4- 6 |  7- 9 || total
---------------------------+-------+-------+-------++-------
  Melee: Flail             |   117 |   160 |   332 ||   609
    Use: Scroll            |     2 |     6 |     3 ||    11
         Potion            |       |       |     4 ||     4
 Armour: Scale mail        |    57 |   144 |    63 ||   264
         Chain mail        |       |       |   301 ||   301
  Dodge: Dodged            |    39 |    79 |   129 ||   247
  Block: Buckler           |    22 |    35 |    85 ||   142

Table legend: (Time is in decaauts)
 A = Elapsed time spent in this place.
 B = Non-inter-level travel time spent in this place.
 C = Inter-level travel time spent in this place.
 D = Time resting spent in this place.
 E = Time spent auto-exploring this place.
 F = Levels seen in this place.
 G = Mean time per level.
                   A        B        C        D        E       F      G
               +--------+--------+--------+--------+--------+-----+--------+
         Total |   6005 |   4749 |   1256 |    262 |   2968 |   7 |  857.9 |
       Dungeon |   6005 |   4749 |   1256 |    262 |   2968 |   7 |  857.9 |
               +--------+--------+--------+--------+--------+-----+--------+

Top non-repeatable levels by time:
     D:4: 1115 daAuts
     D:3: 1108 daAuts
     D:1: 1066 daAuts
     D:2: 1064 daAuts
     D:6: 760 daAuts
     D:5: 678 daAuts
     D:7: 211 daAuts
